 Dungeon Crawl Stone Soup version 0.22-a0-757-gdba82d8 (webtiles) character file.

29 sking99 the Skirmisher (level 3, -1/29 HPs)
             Began as a Formicid Abyssal Knight on July 16, 2018.
             Was a Follower of Lugonu.
             Slain by a goblin
             ... wielding a +0 club
             ... led by Robin
              (4 damage)
             ... on level 2 of the Dungeon.
             The game lasted 00:01:59 (1304 turns).

sking99 the Skirmisher (Formicid Abyssal Knight)    Turns: 1304, Time: 00:02:00

Health: -1/29      AC:  3    Str: 17    XL:     3   Next: 32%
Magic:  5/5        EV: 10    Int: 11    God:    Lugonu [*.....]
Gold:   62         SH:  3    Dex: 10    Spells: 2/2 levels left

rFire    . . .     SeeInvis +   a - +1 hand axe
rCold    . . .     Gourm    .   m - +0 buckler
rNeg     . . .     Faith    .   b - +0 leather armour
rPois    .         Spirit   .   (helmet unavailable)
rElec    .         Reflect  .   (no cloak)
rCorr    .         Harm     .   (no gloves)
MR       .....                  (no boots)
Stlth    +.........             (no amulet)
HPRegen  0.09/turn              (no ring)
MPRegen  0.09/turn              (no ring)

@: no status effects
A: permanent stasis, dig shafts and tunnels, four strong arms, antennae 3
a: Dig, Shaft Self, Depart the Abyss, Renounce Religion


You were on level 2 of the Dungeon.
You worshipped Lugonu.
Lugonu was aware of your devotion.
You were not hungry.

You visited 1 branch of the dungeon, and saw 2 of its levels.
You visited the Abyss 1 time.

You collected 62 gold pieces.

Inventory:

Hand Weapons
 a - a +1 hand axe (weapon)
Armour
 b - a +0 leather armour (worn)
 m - a +0 buckler (worn)
Scrolls
 d - 2 scrolls of amnesia {unknown}
 f - a scroll of remove curse {unknown}
 g - 2 scrolls of identify {unknown}
Potions
 e - a potion of heal wounds {unknown}
 h - a potion of flight {unknown}
 i - 2 potions of lignification {unknown}
 k - a potion of mutation {unknown}
 l - a potion of invisibility {unknown}
Comestibles
 c - 2 rations
 j - a chunk of flesh


   Skills:
 - Level 3.6 Fighting
 * Level 2.9 Axes
 - Level 2.1 Armour
 - Level 0.8 Dodging
 + Level 0.1 Shields
 + Level 2.7 Invocations


You had 2 spell levels left.
You didn't know any spells.
Your spell library was empty.

Dungeon Overview and Level Annotations

Branches:
Dungeon (2/15)

Altars:

Annotations:
D:2 Robin


Innate Abilities, Weirdness & Mutations

You cannot be hasted, slowed, berserked, paralysed or teleported.
You can dig through walls and to a lower floor.
Your four strong arms can wield two-handed weapons with a shield.
You have a pair of large antennae on your head. (SInv)


Message History

Robin is moderately wounded.
Robin hits you with a dagger.
* * * LOW HITPOINT WARNING * * *
You hit Robin but do no damage.
Robin is moderately wounded.
Robin barely misses you. Robin hits you with a dagger.
* * * LOW HITPOINT WARNING * * *
You hit Robin.
Robin is heavily wounded.
Robin throws the goblin at you!
You hit Robin.
Robin is severely wounded.
You hit the goblin.
The goblin no longer looks unusually strong.
You block the goblin's attack. Robin hits you with a dagger.
* * * LOW HITPOINT WARNING * * *
You hit Robin.
Robin is almost dead.
You hit the goblin but do no damage. The goblin hits you with a club.
You die...

{ { { {{ ####### {
#.....############..##
#.....'.....g@gg......
#.....#########g....##
####'######## .....####
#......... ........#
#.######## #####.#.# ## #.#
##########.#.#
.######'######........#...#
.#.#.##.##.#.#.......#....#
..#.##...##.#.......#.##..#
#


You could see Robin, a hobgoblin and 2 goblins.

Vanquished Creatures
  An ooze (D:1)
  A dart slug (D:1)
  2 giant cockroaches (D:1)
  4 goblins
  5 hobgoblins
  A ball python (D:1)
  3 bats (D:1)
  2 kobolds (D:1)
  A rat (D:1)
20 creatures vanquished.

Notes
Turn   | Place    | Note
-------+----------+-------------------------------------------
     0 | Abyss:1  | sking99 the Formicid Abyssal Knight began the quest for the Orb.
     0 | Abyss:1  | Reached XP level 1. HP: 18/18 MP: 2/2
    70 | Abyss:1  | Noticed a rakshasa
    74 | D:1      | Escaped the Abyss
   351 | D:1      | Reached XP level 2. HP: 17/24 MP: 3/3
   675 | D:1      | Reached XP level 3. HP: 3/29 MP: 4/4
  1288 | D:2      | Noticed Robin
  1304 | D:2      | Slain by a goblin

Vault maps used:
D:1:      dpeg_arrival_three_bigger_balls, solitary_fountain,
          minmay_pentomino_s2
D:2:      wad_pebble_path, first_ration, kennysheep_nondescript, uniq_robin

Action                   || total
-------------------------++-------
Melee: Hand axe          ||    58
  Eat: Chunk             ||     1
Armor: Leather armour    ||    15
Dodge: Dodged            ||    30
Block: Buckler           ||     2

Table legend:
 A = Spawn XP
 B = Non-spawn XP
 C = Spawn XP percentage of total XP
 D = Spawn monster count
 E = Non-spawn monster count
 F = Spawn count percentage of total count
 G = Total turns spent on level
                    A         B        C        D         E        F      G
               +---------+---------+-------+---------+---------+-------+---------
         Total |       0 |      42 |   0.0 |       0 |      20 |   0.0 |  1304
               +---------+---------+-------+---------+---------+-------+---------
           D:1 |       0 |      34 |   0.0 |       0 |      16 |   0.0 |  1071
           D:2 |       0 |       8 |   0.0 |       0 |       4 |   0.0 |   159
               +---------+---------+-------+---------+---------+-------+---------
